 Dungeon Crawl Stone Soup version 0.24-a0-581-gc0fa6600bf (webtiles) character file.

Game seed: 4984189295421842341

692 Grimm the Poker (level 7, 0/60 HPs)
             Began as a Centaur Fighter on Aug 23, 2019.
             Was an Initiate of Elyvilon.
             Slain by a wight
             ... wielding a +3 flail of freezing
              (4 damage)
             ... on level 6 of the Dungeon.
             The game lasted 00:23:49 (4851 turns).

Grimm the Poker (Centaur Fighter)                   Turns: 4851, Time: 00:23:50

Health: 0/60       AC:  7    Str: 24    XL:     7   Next: 36%
Magic:  7/7        EV:  5    Int:  7    God:    Elyvilon [......]
Gold:   354        SH:  8    Dex: 10    Spells: 6/6 levels left

rFire    . . .     SeeInvis .   a - +1 trident
rCold    . . .     Gourm    .   c - +0 shield
rNeg     . . .     Faith    .   b - +1 scale mail
rPois    .         Spirit   .   (no helmet)
rElec    .         Reflect  .   (no cloak)
rCorr    .         Harm     .   (no gloves)
MR       .....                  (no barding)
Stlth    ..........             (no amulet)
HPRegen  0.20/turn              (no ring)
MPRegen  0.10/turn              (no ring)

@: mighty, heavily drained, very quick
A: large, hooves 3, deformed body, speed 2, tough skin 3
a: Renounce Religion


You were on level 6 of the Dungeon.
You worshipped Elyvilon.
Elyvilon was noncommittal.
You were not hungry.

You visited 2 branches of the dungeon, and saw 7 of its levels.

You collected 354 gold pieces.

Inventory:

Hand Weapons
 a - a +1 trident (weapon)
Missiles
 k - 114 stones (quivered)
 n - 3 curare-tipped darts
Armour
 b - a +1 scale mail (worn)
 c - a +0 shield (worn)
Magical Staves
 q - an uncursed staff of wizardry {unknown}
Jewellery
 h - an uncursed ring of poison resistance {unknown}
 w - an uncursed ring of ice
 x - an uncursed ring of protection from cold {unknown}
Scrolls
 e - 2 scrolls of blinking
 i - a scroll of enchant weapon
 j - a scroll of random uselessness {unknown}
 l - 4 scrolls of noise
 m - 3 scrolls of teleportation
 p - a scroll of identify
 r - 2 scrolls of remove curse
 s - a scroll of amnesia {unknown}
 u - 2 scrolls of enchant armour
Potions
 g - 3 potions of ambrosia
 o - a potion of berserk rage
 t - a potion of degeneration {unknown}
 v - a potion of haste {unknown}
Comestibles
 f - a ration


   Skills:
 + Level 4.5(2.8) Fighting
 * Level 4.8(3.1) Polearms
 - Level 1.3(0.0) Throwing
 + Level 3.3(1.6) Armour
 - Level 0.3(0.0) Dodging
 + Level 3.5(1.8) Shields


You had 6 spell levels left.
You didn't know any spells.
Your spell library was empty.

Dungeon Overview and Level Annotations

Branches:
Dungeon (6/15)             Temple (1/1) D:4

Altars:
Cheibriados
Dithmenos
Elyvilon
Fedhas
Gozag
Hepliaklqana
Kikubaaqudgha
Okawaru
Qazlal
Ru
Zin

Shops:
D:4 [


Innate Abilities, Weirdness & Mutations

You have hooves in place of feet.
Armour fits poorly on your strangely shaped body.
You cover ground very quickly.
You have extremely tough skin. (AC +3)


Message History

Your shield and scale mail prevent you from hitting the wight.
You kick the wight.
The wight is moderately damaged.
You block the wight's attack.
The wight hits you with a +3 flail of freezing.
You feel drained. The wight freezes you.
You hit the wight.
The wight is heavily damaged.
The wight hits you from afar with a +2 halberd.
You feel drained.
The wight hits you with a +3 flail of freezing!
* * * LOW HITPOINT WARNING * * *
You feel drained.
* * * LOW HITPOINT WARNING * * *
The wight freezes you.
* * * LOW HITPOINT WARNING * * *
You feel very mighty all of a sudden. The wight barely misses you.
The wight hits you with a +3 flail of freezing.
You die...

#.# .
..##.
#....
#.#.#
#.#.# #
#.#.#.#
#.#.#.#
#<....#
###@###
#z# #z#
#z# #.#
#.# .(#
###


You could see 3 wights.

Vanquished Creatures
  A centaur (D:5)
  A centaur zombie (D:5)
  2 hounds
  4 orc priests (D:5)
  4 orc wizards
  4 worker ants
  7 adders
  3 oozes
  2 worms
  3 dart slugs
  3 leopard geckos
  14 orcs
  8 bats
  3 giant cockroaches
  12 goblins
  3 hobgoblins
  10 jackals
  6 kobolds
  A quokka (D:5)
  A ball python (D:3)
  2 frilled lizards (D:3)
  A giant cockroach zombie (D:5)
  A leopard gecko skeleton (D:5)
  5 rats
101 creatures vanquished.

Notes
Turn   | Place    | Note
-------+----------+-------------------------------------------
     0 | D:1      | Grimm the Centaur Fighter began the quest for the Orb.
     0 | D:1      | Reached XP level 1. HP: 19/19 MP: 1/1
   298 | D:1      | Reached XP level 2. HP: 26/26 MP: 2/2
   741 | D:1      | Reached XP level 3. HP: 31/31 MP: 3/3
  1690 | D:3      | Reached XP level 4. HP: 39/39 MP: 4/4
  1925 | D:3      | Reached skill level 1 in Throwing
  1925 | D:3      | Reached XP level 5. HP: 31/46 MP: 5/5
  2527 | D:4      | Found a staircase to the Ecumenical Temple.
  2748 | D:4      | Found Ojybren's Armour Emporium.
  2918 | D:4      | Found an opulent altar of Gozag.
  3296 | D:5      | Entered Level 5 of the Dungeon
  3296 | D:5      | Noticed a centaur
  3304 | D:4      | Reached XP level 6. HP: 47/52 MP: 6/6
  3393 | Temple   | Entered the Ecumenical Temple
  3440 | Temple   | Became a worshipper of Elyvilon the Healer
  3748 | D:5      | Reached XP level 7. HP: 37/60 MP: 7/7
  4851 | D:6      | Slain by a wight

Levels and vault maps discovered:
D:1:      dpeg_arrival_round_c, layout_basic
D:2:      layout_basic
D:3:      layout_rooms
D:4:      layout_basic, nicolae_gozag_cash_rules_everything_around_me,
          minmay_temple_entry_statues, serial_shops, nicolae_shop_statue_plus
D:5:      layout_basic, first_ration, cheibrodos_sewer_entry_sluice
D:6:      layout_basic, grunt_temple_overflow_open, uniq_blork_the_orc
Temple:   nicolae_temple_elliptical

Skill      XL: |  1  2  3  4  5  6 |
---------------+-------------------+-----
Polearms       | 2 3 4 |  4.8
Throwing       | 1 |  1.3
Shields        | 3 |  3.5
Fighting       | 4 |  4.5
Armour         | 3 |  3.3
Dodging        | |  0.3

Action                   |  1- 3 |  4- 6 |  7- 9 || total
-------------------------+-------+-------+-------++-------
Melee: Trident           |    80 |   197 |    64 ||   341
       Kick              |    14 |    43 |    12 ||    69
Throw: Stone             |    13 |    46 |     4 ||    63
  Use: Scroll            |       |    13 |       ||    13
       Potion            |       |     1 |     1 ||     2
  Eat: Chunk             |     1 |     6 |     1 ||     8
       Ration            |       |       |     1 ||     1
Armor: Scale mail        |    25 |    69 |    43 ||   137
Dodge: Dodged            |    17 |    40 |    19 ||    76
Block: Shield            |    19 |    95 |    38 ||   152

Table legend:
 A = Non-vault XP
 B = Vault XP
 C = Vault XP percentage of total XP
 D = Non-vault monster count
 E = Vault monster count
 F = Vault count percentage of total count
                 A         B        C        D         E       F
            +---------+---------+-------+---------+---------+-------
      Total |     987 |       2 |   0.2 |     100 |       1 |   1.0
            +---------+---------+-------+---------+---------+-------
        D:1 |      41 |       0 |   0.0 |      18 |       0 |   0.0
        D:2 |      52 |       0 |   0.0 |      13 |       0 |   0.0
        D:3 |     143 |       0 |   0.0 |      33 |       0 |   0.0
        D:4 |     145 |       0 |   0.0 |      15 |       0 |   0.0
        D:5 |     563 |       2 |   0.4 |      20 |       1 |   4.8
        D:6 |      43 |       0 |   0.0 |       1 |       0 |   0.0
            +---------+---------+-------+---------+---------+-------
